 Dungeon Crawl Stone Soup version 0.30-a0-930-gb9d0489357 (webtiles) character file.

Game seed: 3851675661623436586

787 Farfigtubin the Chopper (level 7, 0/63 HPs)
             Began as a Minotaur Fighter on Mar 23, 2023.
             Was an Initiate of Qazlal.
             Slain by a sky beast (6 damage)
             ... on level 6 of the Dungeon.
             The game lasted 00:27:24 (3858 turns).

Farfigtubin the Chopper (Minotaur Fighter)          Turns: 3858, Time: 00:27:27

Health: 0/63       AC: 10    Str: 22    XL:     7   Next: 56%
Magic:  6/6        EV:  7    Int:  5    God:    Qazlal [......]
Gold:   278        SH:  4    Dex: 10    Spells: 6/6 levels left

rFire   . . .      SeeInvis .    a - +0 war axe
rCold   . . .      Faith    .    c - +0 buckler
rNeg    . . .      Spirit   .    g - +0 chain mail
rPois   .          Reflect  .    (helmet restricted)
rElec   .          Rampage  .    (no cloak)
rCorr   .          Clarity  +    (no gloves)
Will    +....                    (no boots) Stlth
                                 (no amulet)
HPRegen 0.30/turn                (no ring)
MPRegen 0.10/turn                (no ring)

@: no status effects
A: horns 2, retaliatory headbutt, claws 1, clarity, strong-willed 1, inability
to drink after injury 1
a: Renounce Religion


You were on level 6 of the Dungeon.
You worshipped Qazlal.
Qazlal was noncommittal.
You visited 2 branches of the dungeon, and saw 7 of its levels.

You collected 278 gold pieces.

Inventory:

Hand Weapons
 a - a +0 war axe (weapon)
Missiles
 i - 10 stones (quivered)
 l - 5 poisoned darts
 w - 4 atropa-tipped darts
 y - 5 boomerangs
Armour
 c - a +0 buckler (worn)
 g - a +0 chain mail (worn)
Jewellery
 m - a ring of resist corrosion
 q - a ring of ice
 x - an amulet of guardian spirit
 C - a ring of wizardry
Scrolls
 e - 2 scrolls of teleportation
 j - a scroll of enchant weapon {unknown}
 k - a scroll of fog {unknown}
 o - a scroll of summoning {unknown}
 p - 2 scrolls of identify
 s - a scroll of vulnerability {unknown}
 t - 2 scrolls of immolation {unknown}
 u - 4 scrolls of noise {unknown}
 v - 2 scrolls of amnesia {unknown}
 z - a scroll of magic mapping {unknown}
 E - a scroll of blinking {unknown}
Potions
 b - a potion of mutation
 d - a potion of might
 f - a potion of heal wounds {unknown}
 h - a potion of invisibility {unknown}
 n - 3 potions of curing
 r - 2 potions of flight
 A - a potion of cancellation {unknown}
 B - a potion of degeneration {unknown}
 D - a potion of lignification {unknown}


   Skills:
 + Level 6.2 Fighting
 * Level 7.6 Axes
 + Level 6.2 Armour
 - Level 3.6 Shields


You had 6 spell levels left.
You didn't know any spells.
Your spell library contained the following spells:

 Spells                   Type           Power      Damage    Failure   Level
 Magic Dart               Conj           0%         1d3       99%         1
 Searing Ray              Conj           0%         2d4       100%        2
 Call Canine Familiar     Summ           0%         N/A       100%        3
 Dazzling Flash           Conj/Hex       0%         N/A       100%        3
 Portal Projectile        Hex/Tloc       0%         N/A       100%        3
 Fulminant Prism          Conj/Hex       0%         3d5       100%        4
 Leda's Liquefaction      Hex/Erth       0%         N/A       100%        4
 Agony                    Necr           0%         N/A       100%        5
 Silence                  Hex/Air        0%         N/A       100%        5


Dungeon Overview and Level Annotations

Branches:
Dungeon (6/15)             Temple (1/1) D:5

Altars:
Ashenzari
Cheibriados
Fedhas
Makhleb
Okawaru
Qazlal
Sif Muna
Trog
Vehumet
Wu Jian
Xom
Yredelemnul

Annotations:
D:4 3 runed translucent doors, 123deadman's ghost, amateur HOFi


Innate Abilities, Weirdness & Mutations

You have a pair of horns on your head.
You reflexively headbutt those who attack you in melee.
You have sharp fingernails.
You possess an exceptional clarity of mind.
You are strong-willed. (Will+)
You occasionally lose the ability to drink potions when taking damage.


Message History

The hound barely misses you. The hound bites you but does no damage.
A sky beast appears from thin air!
Reactivating autopickup.
The sky beast hits you but does no damage.
You barely miss the sky beast. You headbutt the sky beast.
The sky beast is heavily wounded.
You barely miss the hound. The hound bites you but does no damage.
The hound closely misses you. You furiously retaliate!
You headbutt the hound.
The sky beast hits you but does no damage.
You miss the sky beast. Your headbutt misses the sky beast.
The sky beast is heavily wounded.
You barely miss the hound. The hound bites you but does no damage.
The sky beast hits you but does no damage.
The hound bites you but does no damage.
You barely miss the sky beast.
The sky beast is heavily wounded.
You completely miss the hound. The hound bites you. The sky beast hits you.
The sky beast shocks you.
* * * LOW HITPOINT WARNING * * *
You hit the sky beast.
The sky beast is severely wounded.
You hit the hound.
You kill the hound!
Qazlal accepts your kill.
The sky beast hits you but does no damage.
You hit the sky beast. Your headbutt misses the sky beast.
The sky beast is almost dead.
The sky beast hits you.
* * * LOW HITPOINT WARNING * * *
The sky beast shocks you.
* * * LOW HITPOINT WARNING * * *
An adder comes into view.
You barely miss the sky beast.
The adder hisses angrily.
Your headbutt misses the sky beast.
The sky beast is almost dead.
The sky beast hits you.
* * * LOW HITPOINT WARNING * * *
The sky beast shocks you.
You die...

#.# #.#
#.####
##....#
#.....#
#.....#
#....##
#...##
#.@.#
#.Y.#
#?..~~
.....~#
#.....~#
#.#..!##
#.#....
#S#.###.


You could see a sky beast and an adder.

Vanquished Creatures
  A steam dragon (D:5)
  An ice beast (D:6)
  An ogre (D:5)
  A phantom (D:5)
  2 jellies (D:5)
  3 hounds
  An iguana (D:4)
  2 sleepcaps (D:4)
  8 gnolls
  5 adders
  2 white imps (D:4)
  A worm (D:3)
  An orc (D:4)
  3 bats
  6 endoplasms
  5 giant cockroaches
  3 goblins
  4 hobgoblins
  4 kobolds
  5 quokkas
  6 ball pythons
  4 frilled lizards
  2 rats
71 creatures vanquished.

Notes
Turn   | Place    | Note
-------+----------+-------------------------------------------
     0 | D:1      | Farfigtubin the Minotaur Fighter began the quest for the
                  | Orb.
     0 | D:1      | Reached XP level 1. HP: 19/19 MP: 0/0
   700 | D:2      | Reached skill level 3 in Axes
   700 | D:2      | Reached XP level 2. HP: 27/27 MP: 1/1
   850 | D:2      | Reached XP level 3. HP: 33/33 MP: 2/2
  1017 | D:2      | Reached skill level 4 in Axes
  1101 | D:2      | Reached XP level 4. HP: 40/40 MP: 3/3
  1361 | D:2      | You fall into a shaft and drop 1 floor!
  1613 | D:3      | Found an ornate altar of the Wu Jian Council.
  1939 | D:3      | Reached XP level 5. HP: 8/47 MP: 4/4
  1939 | D:3      | Gained mutation: You occasionally lose the ability to drink
                  | potions when taking damage. [potion of mutation]
  1939 | D:3      | Gained mutation: You have sharp fingernails. [potion of
                  | mutation]
  1939 | D:3      | Gained mutation: You possess an exceptional clarity of
                  | mind. [potion of mutation]
  1939 | D:3      | Gained mutation: You are strong-willed. (Will+) [potion of
                  | mutation]
  2143 | D:4      | Found a runed translucent gate.
  2160 | D:4      | Reached skill level 5 in Axes
  2171 | D:4      | Found a runed translucent gate.
  2175 | D:4      | Found a runed translucent gate.
  2217 | D:4      | Noticed 123deadman's ghost (amateur HOFi)
  2595 | D:4      | Reached skill level 5 in Fighting
  2841 | D:5      | Entered Level 5 of the Dungeon
  2866 | D:5      | Noticed a steam dragon
  2881 | D:5      | Noticed an ogre
  2882 | D:5      | Killed a steam dragon
  2883 | D:5      | Reached skill level 6 in Axes
  2883 | D:5      | Reached skill level 5 in Armour
  2883 | D:5      | Reached XP level 6. HP: 11/56 MP: 5/5
  3231 | D:5      | Reached XP level 7. HP: 62/62 MP: 6/6
  3286 | D:5      | Reached skill level 7 in Axes
  3316 | D:5      | Found a staircase to the Ecumenical Temple.
  3342 | Temple   | Entered the Ecumenical Temple
  3584 | Temple   | Became a worshipper of Qazlal Stormbringer
  3858 | D:6      | Slain by a sky beast

Illustrated notes

Levels and vault maps discovered:
D:1:      saegor_arrival_simple_c, layout_basic
D:2:      layout_basic
D:3:      layout_basic, overflow_temple_1_default
D:4:      layout_loops_ring, gammafunk_ghost_necromancy
D:5:      layout_cave_pools, minmay_temple_entry_stoned_glass
D:6:      layout_loops_ring, mainiacjoe_overflow_concentric_impassable,
          chequers_serial_rivers_large_b, uniq_grinder
Temple:   grunt_temple_mini_profane

Skill      XL: |  1  2  3  4  5  6  7 |
---------------+----------------------+-----
Axes           | 3 4 6 7 |  7.6
Fighting       | 4 5 6 |  6.2
Armour         | 4 5 6 |  6.2
Shields        | |  3.6

Action                     |  1- 3 |  4- 6 |  7- 9 || total
---------------------------+-------+-------+-------++-------
  Melee: War axe           |    54 |   117 |    37 ||   208
         Headbutt          |     5 |    24 |     8 ||    37
  Throw: Stone             |     2 |     1 |     5 ||     8
         Dart              |       |     2 |     5 ||     7
    Use: Scroll            |       |     1 |     2 ||     3
         Potion            |       |     1 |       ||     1
 Armour: Chain mail        |    25 |    56 |    26 ||   107
  Dodge: Dodged            |    16 |    42 |     7 ||    65
  Block: Buckler           |     7 |    25 |     5 ||    37

Table legend: (Time is in decaauts)
 A = Elapsed time spent in this place.
 B = Non-inter-level travel time spent in this place.
 C = Inter-level travel time spent in this place.
 D = Time resting spent in this place.
 E = Time spent auto-exploring this place.
 F = Levels seen in this place.
 G = Mean time per level.
                   A        B        C        D        E       F      G
               +--------+--------+--------+--------+--------+-----+--------+
         Total |   3923 |   3629 |    294 |    485 |   1588 |   7 |  560.4 |
       Dungeon |   3653 |   3428 |    225 |    485 |   1428 |   6 |  608.8 |
        Temple |    269 |    200 |     69 |      0 |    160 |   1 |  269.0 |
               +--------+--------+--------+--------+--------+-----+--------+

Top non-repeatable levels by time:
     D:4: 963 daAuts
     D:1: 770 daAuts
     D:2: 747 daAuts
     D:3: 662 daAuts
     D:5: 454 daAuts
  Temple: 269 daAuts
     D:6: 56 daAuts
